 Dungeon Crawl Stone Soup version 0.19.1-1-g22dce08 (webtiles) character file.

9 M4edhros the Charlatan (level 2, -2/18 HPs)
             Began as an Octopode Artificer on Jan 2, 2017.
             Slain by a hound (4 damage)
             ... on level 1 of the Dungeon.
             The game lasted 00:01:13 (214 turns).

M4edhros the Charlatan (Octopode Artificer)          Turns: 214, Time: 00:01:14

Health: -2/18      AC:  1    Str: 11    XL:     2   Next: 12%
Magic:  4/4        EV: 12    Int: 13    God:
Gold:   55         SH:  3    Dex: 12    Spells: 0 memorised, 1 level left

rFire  . . .     SeeInvis .     a - +0 short sword
rCold  . . .     Gourm    .     i - +0 buckler
rNeg   . . .     Faith    .     (helmet restricted)
rPois  .         Spirit   .     g - amulet of regeneration
rElec  .         Reflect  .     (no ring)
rCorr  .         Harm     .     (no ring)
MR     .....                    (no ring)
Stlth  +++.......               (no ring)
                                (no ring)
                                (no ring)
                                (no ring)
                                (no ring)

@: no status effects
A: almost no armour, stealthy swim, amphibious, 8 rings, constrict 8, camouflage
1, gelatinous body 1
a: no special abilities


You were on level 1 of the Dungeon.
You were not hungry.

You visited 1 branch of the dungeon, and saw 2 of its levels.

You collected 55 gold pieces.

Inventory:

Hand Weapons
 a - a +0 short sword (weapon)
Missiles
 k - 12 sling bullets
Armour
 i - a +0 buckler (worn)
Jewellery
 g - an amulet of regeneration (around mantle)
Wands
 b - a wand of flame (15/48)
 c - a wand of enslavement (15/24)
 d - a wand of random effects (15/48)
Scrolls
 e - a scroll of teleportation {unknown}
 j - a scroll of remove curse {unknown}
Potions
 l - 2 potions of berserk rage {unknown}
Comestibles
 f - a bread ration
 h - a beef jerky


   Skills:
 + Level 1.0 Fighting
 - Level 1.0 Short Blades
 + Level 2.0 Dodging
 - Level 1.3 Stealth
 + Level 0.4 Shields
 * Level 0.6 Unarmed Combat
 - Level 3.7 Evocations


You had one spell level left.
You didn't know any spells.

Dungeon Overview and Level Annotations

Branches:
Dungeon (2/15)

Altars:
Makhleb
Okawaru


Innate Abilities, Weirdness & Mutations

You cannot wear most types of armour.
You are very stealthy in the water. (Stealth+)
You are amphibious.
You can wear up to eight rings at the same time.
You can use your tentacles to constrict eight enemies at once.
Your skin changes colour to match your surroundings (Stealth+).
Your rubbery body absorbs attacks. (AC +1, EV +1)


Message History

You kill the kobold!
You see here a kobold corpse.
Found a hand axe and a falchion.
There is a stone staircase leading down here.
You climb downwards.
A bat comes into view.
The hound barely misses you. The hound bites you.
The kobold throws a stone.
The stone hits you but does no damage.
There is a stone staircase leading up here.
You see here a stone.
The hound completely misses you. You block the kobold's attack.
The hound bites you.
You climb upwards.
There is a stone staircase leading down here.
The hound bites you.
* * * LOW HITPOINT WARNING * * *
The kobold hits you.
* * * LOW HITPOINT WARNING * * *
The hound bites you.
You die...

.# #.......#.#.#..###.##.#.#
.####..............# #.##.#.#
......###.###.#.##.# #.##.#.#
..###.# #.# #.#.##.###.##.#.#
.†..#.# #.###.#.##.#......#.#
......# #...#.#.#
.##..##.#.##### .##...#
#.#.#.#.# ...............
###...#
#.....#.#########.#.##### #
#.#.# #.#.#...@......†..#.#
###.#.###.#.#.#h#########.#.#
...)...........K............#
###.#.....#....##########.###
............##.# #.#
###.#...##.###.# #.#
#.#.#.##.###.###.## #.# .
#.#.##.##......... #.# .
#.#.##.##.###≈###. #.#


You could see a hound and a kobold.

Vanquished Creatures
  A ball python (D:1)
  A hobgoblin (D:1)
  2 jackals (D:1)
  A frilled lizard (D:1)
  3 kobolds (D:1)
8 creatures vanquished.

Notes
Turn   | Place    | Note
-------+----------+-------------------------------------------
     0 | D:1      | M4edhros the Octopode Artificer began the quest for the Orb.
     0 | D:1      | Reached XP level 1. HP: 13/13 MP: 3/3
     1 | D:1      | Noticed an electric eel
    95 | D:2      | Found a burning altar of Makhleb.
    95 | D:2      | Noticed a hound
   183 | D:1      | Found an iron altar of Okawaru.
   184 | D:1      | Reached XP level 2. HP: 18/18 MP: 4/4
   214 | D:1      | Slain by a hound

Action                   || total
-------------------------++-------
Melee: Short sword       ||    11
       Constrict         ||     4
       Tentacles         ||     1
 Stab: Sleeping          ||     3
Armor: Skin              ||     1
Dodge: Dodged            ||     7
Block: Buckler           ||     1
